 Dungeon Crawl Stone Soup version 0.30-a0-457-g4b7bca3bfa (webtiles) character file.

Game seed: 9196834195632645827

121 gruber the Destroyer (level 5, -5/28 HPs)
             Began as a Tengu Conjurer on Dec 13, 2022.
             Slain by an ice beast (13 damage)
             ... on level 3 of the Dungeon.
             The game lasted 00:03:13 (2162 turns).

gruber the Destroyer (Tengu Conjurer)               Turns: 2162, Time: 00:03:14

Health: -5/28      AC:  2    Str:  7    XL:     5   Next: 5%
Magic:  5/9        EV: 14    Int: 21    God:
Gold:   131        SH:  3    Dex: 12    Spells: 1/8 levels left

rFire   . . .      SeeInvis .    n - +4 mace
rCold   . . .      Faith    .    k - +0 buckler
rNeg    + . .      Spirit   .    a - +0 robe
rPois   .          Reflect  .    (helmet restricted)
rElec   .          Harm     .    (no cloak)
rCorr   .          Rampage  .    (no gloves)
Will    .....                    (boots unavailable)
Stlth   ++........               (no amulet)
HPRegen 0.24/turn                i - ring of positive energy
MPRegen 0.11/turn                (no ring)

@: flying quickly and evasively, quick
A: beak, talons 3, nimble flight
a: no special abilities


You were on level 3 of the Dungeon.
You visited 1 branch of the dungeon, and saw 3 of its levels.

You collected 131 gold pieces.

Inventory:

Hand Weapons
 n - a +4 mace (weapon)
Armour
 a - a +0 robe (worn)
 k - a +0 buckler (worn)
Jewellery
 i - a ring of positive energy (left hand)
 o - a +6 ring of dexterity
 p - a ring of magical power
Scrolls
 c - a scroll of immolation {unknown}
 d - 3 scrolls of identify {unknown}
 e - a scroll of vulnerability {unknown}
 f - 2 scrolls of magic mapping {unknown}
 g - 2 scrolls of poison {unknown}
 q - a scroll of teleportation {unknown}
 r - 2 scrolls of blinking {unknown}
 t - a scroll of silence {unknown}
Potions
 b - a potion of magic
 h - a potion of mutation {unknown}
 j - a potion of flight
 l - a potion of berserk rage {unknown}
 m - a potion of curing
 s - a potion of lignification {unknown}


   Skills:
 - Level 2.1 Dodging
 - Level 2.0 Stealth
 - Level 2.0 Spellcasting
 + Level 8.2 Conjurations


You had one spell level left.
You knew the following spells:

 Your Spells              Type           Power      Damage    Failure   Level
a - Magic Dart            Conj           100%       1d8       1%          1
b - Searing Ray           Conj           72%        2d7       1%          2
c - Iskenderun's Mystic   Conj/Tloc      19%        2d6       36%         4

Your spell library contained the following spells:

 Spells                   Type           Power      Damage    Failure   Level
 Sandblast                Erth           4%         2d4       21%         1
 Dazzling Flash           Conj/Hex       38%        N/A       11%         3
 Stone Arrow              Conj/Erth      38%        3d9       11%         3
 Passwall                 Tmut/Erth      1%         N/A       30%         2
 Sublimation of Blood     Necr           2%         N/A       30%         2
 Wereblood                Tmut           2%         N/A       30%         2
 Fulminant Prism          Conj/Hex       9%         3d7       36%         4
 Summon Hydra             Summ           1%         N/A       100%        7


Dungeon Overview and Level Annotations

Branches:
Dungeon (3/15)

Altars:
Hepliaklqana

Shops:
D:2 ([[


Innate Abilities, Weirdness & Mutations

You have a beak for a mouth.
You have claws for feet.
Your magical nature lets you fly swiftly and evasively.


Message History

The hobgoblin barely misses you.
You hit the hobgoblin. You claw the hobgoblin.
You kill the hobgoblin!
No target in view!
t - a scroll labelled JELE SUOFO No target in view!
You see here a hobgoblin corpse.
Found 9 stones.
No target in view!
You see here 9 stones.
You pick up a book of Blood and begin reading...
You add the spells Sublimation of Blood, Wereblood and Summon Hydra to your library.
No target in view!
You open the door. You open the door.
A kobold, an ice beast and an adder come into view.
The kobold shouts!
The adder hisses angrily.
You sock the kobold!
You kill the kobold!
There are monsters nearby!
Casting: Magic Dart (safe; 1% risk of failure)
Confirm with . or Enter, or press ? or * to list all spells.
Aiming: Searing Ray (safe; 1% risk of failure)
Press: ? - help, Shift-Dir - straight line, f - ice beast
Aim: an ice beast (81% to hit)
The searing ray hits the ice beast!
The ice beast is moderately wounded.
The searing ray hits the adder!
You kill the adder! (Press . to maintain the ray.)
The ice beast hits you. The ice beast freezes you!
Ouch! That really hurt!
You have reached level 5!
Your magical nature develops, letting you fly swiftly and evasively.
The searing ray hits the ice beast!
The ice beast is heavily wounded.
The ice beast hits you.
* * * LOW HITPOINT WARNING * * *
The ice beast freezes you!
You die...

##### ########### #...#
#.†Y@.....###
#.8.+#...#......#(##
#...#...##.....†##.#
###...#..##'...###...#
#.'.8.+###.#...#[#...#
#.#...#.#÷.#.).##....#
##.#...#.÷##'###......#
####..#.8.'##..##.#......#
.....##...###.####.......#


You could see an ice beast.

Vanquished Creatures
  Terence (D:2)
  4 adders
  A worm (D:2)
  A dart slug (D:2)
  6 orcs (D:3)
  5 endoplasms
  5 giant cockroaches
  3 goblins
  3 hobgoblins
  4 jackals (D:1)
  3 kobolds
  4 ball pythons
  2 bats
  3 frilled lizards
  6 rats
51 creatures vanquished.

Notes
Turn   | Place    | Note
-------+----------+-------------------------------------------
     0 | D:1      | gruber the Tengu Conjurer began the quest for the Orb.
     0 | D:1      | Reached XP level 1. HP: 10/10 MP: 4/4
    68 | D:1      | Found a faded altar of an unknown god.
   421 | D:1      | Reached XP level 2. HP: 15/15 MP: 4/6
   568 | D:1      | Reached skill level 6 in Conjurations
   873 | D:2      | Found Uxtoog's Armour Boutique.
   919 | D:2      | Learned a level 2 spell: Searing Ray
  1029 | D:2      | Reached XP level 3. HP: 19/19 MP: 2/7
  1101 | D:2      | Found Qegenelogob's Weapon Shop.
  1236 | D:2      | Reached skill level 7 in Conjurations
  1572 | D:2      | Noticed Terence
  1582 | D:2      | Killed Terence
  1583 | D:2      | Reached XP level 4. HP: 22/24 MP: 2/8
  1642 | D:2      | Found Miewaeg's Armour Emporium.
  1770 | D:3      | Found a hazy altar of Hepliaklqana.
  1878 | D:3      | Learned a level 4 spell: Iskenderun's Mystic Blast
  2028 | D:3      | Reached skill level 8 in Conjurations
  2159 | D:3      | Noticed an ice beast
  2162 | D:3      | Gained mutation: Your magical nature lets you fly swiftly
                  | and evasively. [Tengu growth]
  2162 | D:3      | Reached XP level 5. HP: 10/28 MP: 6/9
  2162 | D:3      | Slain by an ice beast

Illustrated notes

Levels and vault maps discovered:
D:1:      mainiacjoe_arrival_reflecting_pool, layout_loops_ring,
          chequers_ecumenical_altar_simple_redux
D:2:      layout_rooms, serial_shops, nicolae_diamond_shop,
          nicolae_lakefront_shop, nicolae_shop_stone, uniq_terence
D:3:      minmay_chambers_of_threes, layout_rooms,
          nicolae_hepliaklqana_hazy_memory, uniq_ijyb

Skill      XL: |  1  2  3  4 |
---------------+-------------+-----
Conjurations   | 6 7 8 |  8.2
Dodging        | |  2.1
Stealth        | |  2.0
Spellcasting   | |  2.0

Action                   |  1- 3 |  4- 6 || total
-------------------------+-------+-------++-------
Melee: Unarmed           |     5 |       ||     5
       Kick              |     3 |     3 ||     6
       Short sword       |     5 |       ||     5
       Mace              |       |     8 ||     8
 Cast: Magic Dart        |    58 |    20 ||    78
       Searing Ray       |     1 |     2 ||     3
  Use: Potion            |     2 |       ||     2
Armor: Robe              |     1 |     1 ||     2
Dodge: Dodged            |     8 |     5 ||    13
Block: Buckler           |     1 |       ||     1

Table legend: (Time is in decaauts)
 A = Elapsed time spent in this place.
 B = Non-inter-level travel time spent in this place.
 C = Inter-level travel time spent in this place.
 D = Time resting spent in this place.
 E = Time spent auto-exploring this place.
 F = Levels seen in this place.
 G = Mean time per level.
                   A        B        C        D        E       F      G
               +--------+--------+--------+--------+--------+-----+--------+
         Total |   2164 |   2110 |     54 |      0 |   1872 |   3 |  721.3 |
       Dungeon |   2164 |   2110 |     54 |      0 |   1872 |   3 |  721.3 |
               +--------+--------+--------+--------+--------+-----+--------+

Top non-repeatable levels by time:
     D:2: 895 daAuts
     D:1: 862 daAuts
     D:3: 406 daAuts
